 Dungeon Crawl Stone Soup version 0.23-a0-808-gd21de94 (console) character file.

3842 bli the Fighter (level 9, 0/75 HPs)
             Began as a Demonspawn Wanderer on Jan 19, 2019.
             Was an Elder of Okawaru.
             Killed by the air
             ... invoked by Gastronok
              (18 damage)
             ... on level 8 of the Dungeon on Jan 20, 2019.
             The game lasted 00:45:08 (7944 turns).

bli the Fighter (Demonspawn Wanderer)               Turns: 7944, Time: 00:45:08

Health: 0/75       AC: 15    Str: 15    XL:     9   Next: 98%
Magic:  9/9        EV: 21    Int: 11    God:    Okawaru [****..]
Gold:   395        SH:  9    Dex: 20    Spells: 8/8 levels left

rFire    . . .     SeeInvis .   a - +2 mace (venom)
rCold    . . .     Gourm    .   f - +0 buckler
rNeg     . . .     Faith    .   U - +2 robe {Archmagi}
rPois    .         Spirit   .   (helmet restricted)
rElec    .         Reflect  +   p - +0 cloak
rCorr    .         Harm     .   E - +0 pair of gloves
MR       .....                  (no boots)
Stlth    ++........             z - +4 amulet of reflection
HPRegen  0.22/turn              W - +4 ring of evasion
MPRegen  0.11/turn              R - +4 ring of dexterity

@: sanguine armour, slowed, very slow
A: antennae 2, demonic guardian 1, sanguine armour 2
a: Heroism, Renounce Religion


You were on level 8 of the Dungeon.
You worshipped Okawaru.
Okawaru was greatly pleased with you.
You were not hungry.

You visited 1 branch of the dungeon, and saw 8 of its levels.

You collected 395 gold pieces.

Inventory:

Hand Weapons
 a - a +2 mace of venom (weapon)
 b - a +2 mace of protection
 c - a +3 quarterstaff of chaos
 u - a +2 whip of flaming
 x - a +2 hand axe of flaming
 y - a +2 blowgun
 B - a +1 whip of distortion
 O - a +2 war axe of pain
 Q - a +0 trident
 V - a +0 flail of draining
Missiles
 d - 5 javelins of penetration
 j - 143 stones
 r - 25 poisoned needles
 L - 3 tomahawks
 X - a javelin (quivered)
Armour
 f - a +0 buckler (worn)
 o - a +1 scale mail of poison resistance
 p - a +0 cloak (worn)
 E - a +0 pair of gloves (worn)
 N - a +0 leather armour
 U - a +2 robe of the Archmagi (worn)
Magical Staves
 Y - an uncursed staff of cold {unknown}
Jewellery
 n - an uncursed ring of see invisible
 z - a +4 amulet of reflection (around neck)
 A - a +2 ring of dexterity
 R - a +4 ring of dexterity (right hand)
 W - a +4 ring of evasion (left hand)
Wands
 P - a wand of flame (15)
Scrolls
 i - 5 scrolls of teleportation {unknown}
 k - 4 scrolls of fog {unknown}
 l - 6 scrolls of remove curse
 t - 2 scrolls of enchant weapon
 v - a scroll of random uselessness {unknown}
 w - a scroll of enchant armour {unknown}
 C - 2 scrolls of amnesia {unknown}
 F - 3 scrolls of blinking {unknown}
 I - a scroll of immolation
Potions
 h - 3 potions of invisibility
 D - 3 potions of flight
 G - 3 potions of degeneration {unknown}
 H - 3 potions of curing {unknown}
 J - a potion of ambrosia
 S - 2 potions of might {unknown}
 T - 2 potions of lignification {unknown}
 Z - a potion of heal wounds
Comestibles
 g - 12 rations


   Skills:
 + Level 8.7 Fighting
 + Level 7.2 Maces & Flails
 + Level 2.8 Throwing
 - Level 1.0 Armour
 - Level 7.0 Dodging
 + Level 2.4 Stealth
 * Level 2.2 Shields
   Level 3.0 Hexes
 + Level 0.3 Evocations


You had 8 spell levels left.
You didn't know any spells.
Your spell library contained the following spells:

 Spells                   Type           Power        Failure   Level  Hunger
 Animate Skeleton         Necr           N/A          41%         1    ##.....
 Pain                     Necr           #...         41%         1    ##.....
 Regeneration             Chrm/Necr      #.........   78%         3    ####...
 Vampiric Draining        Necr           #.........   78%         3    ####...
 Animate Dead             Necr           N/A          99%         4    #####..


Dungeon Overview and Level Annotations

Branches:
Dungeon (8/15)             Temple (0/1) D:5
   Lair: D:8-11

Altars:
Cheibriados
Okawaru
Sif Muna
Trog

Annotations:
D:8 Gastronok


Innate Abilities, Weirdness & Mutations

You have a pair of antennae on your head.
A weak demonic guardian rushes to your aid.
When seriously injured, your bleeding wounds create thick armour. (AC +9)


Message History

You swap places.
Your +2 mace of venom begins to drip with poison!
a - a +2 mace of venom (weapon)
Your iron imp disappears in a puff of smoke!
Gastronok looks at you while chanting.
Your shadow imp seems to slow down.
You swap places.
Gastronok looks at you while chanting.
You feel as though you will be slow longer.
You hit Gastronok.
Gastronok looks as sick as possible!
Gastronok is moderately wounded.
You sock Gastronok!
Gastronok looks as sick as possible!
Gastronok is moderately wounded.
Gastronok bites you!!
* * * LOW HITPOINT WARNING * * *
Your shadow imp hits Gastronok.
Your shadow imp hits Gastronok.
Gastronok waves his eye-stalks in wide circles.
The air twists around and strikes you!
You die...

## #.# ####.#.# .# #.#
#....#.# .# #.#
#.##.#.##### .# #.#
#.##.......# .## ##.##
#.##.......#
..########...###.##.......#
..............##.##.......#
..########...###.#........#
.## ##.## #.#........# .#
### #.#........# .#
#####@#.###.#### .#
#########..w.........
####....(......5..#.#..$
#....(..........## ..
#.#.#######.###..# ...
#<#.# #.# #.#.# .# #.#.#
#.# #.#.# # ##.#.# .... ...
# ...#.# ....# .# ####.###.
##.# #.... #


You could see Gastronok and a friendly shadow imp.

Vanquished Creatures
  A two-headed ogre (D:8)
  Pikel (D:7)
  Joseph (D:7)
  A hungry ghost (D:8)
  Duvessa (D:7)
  An orc warrior (D:7)
  A phantom (D:4)
  A slave (D:7)
  3 centaurs
  2 ogres
  Blork the orc (D:6)
  Dowan (D:7)
  A bullfrog (D:7)
  A gnoll sergeant (D:8)
  2 scorpions
  4 killer bees (D:7)
  A wight (D:8)
  A howler monkey (D:5)
  A centaur zombie (D:8)
  A crimson imp (D:6)
  2 jellies
  A centaur skeleton (D:6)
  4 hounds
  Crazy Yiuf (D:7)
  An orc priest (D:5)
  3 orc wizards
  2 iguanas
  Terence (D:2)
  7 worker ants
  2 mummies (D:8)
  6 gnolls
  10 adders
  3 shadow imps
  An ooze (D:4)
  An adder skeleton (D:4)
  3 worms (D:3)
  8 dart slugs
  6 leopard geckos
  18 orcs
  7 giant cockroaches
  5 goblins
  9 hobgoblins
  11 jackals
  7 kobolds
  4 quokkas
  A ball python (D:1)
  10 bats
  4 frilled lizards
  A giant cockroach zombie (D:5)
  A jackal skeleton (D:7)
  A quokka skeleton (D:6)
  A quokka zombie (D:5)
  6 rats
  A fungus (D:7)
176 creatures vanquished.

Vanquished Creatures (collateral kills)
  A slave (D:7)
  A bullfrog (D:6)
  A scorpion (D:4)
  A howler monkey (D:7)
  A crimson imp (D:5)
  An orc priest (D:5)
  A bullfrog skeleton (D:6)
  A hound (D:6)
  An iguana (D:4)
  A worker ant (D:4)
  A gnoll (D:2)
  An adder (D:4)
  2 adder zombies
  3 dart slugs (D:6)
  4 orcs
  A quokka (D:4)
  2 quokka zombies
24 creatures vanquished.

Grand Total: 200 creatures vanquished

Notes
Turn   | Place    | Note
-------+----------+-------------------------------------------
     0 | D:1      | bli the Demonspawn Wanderer began the quest for the Orb.
     0 | D:1      | bli set off with the following items: a curare-tipped
                  | needle, a +2 blowgun, a +0 hand crossbow, 27 bolts, a +0
                  | spear, a +0 robe, a ration
     0 | D:1      | Reached XP level 1. HP: 19/19 MP: 1/1
   196 | D:1      | Gained mutation: When seriously injured, your bleeding
                  | wounds create armour. (AC +9) [demonic ancestry]
   196 | D:1      | Reached XP level 2. HP: 25/26 MP: 2/2
   637 | D:1      | Reached skill level 1 in Dodging
   637 | D:1      | Gained mutation: A weak demonic guardian rushes to your
                  | aid. [demonic ancestry]
   637 | D:1      | Reached XP level 3. HP: 5/32 MP: 3/3
  1332 | D:2      | Noticed Terence
  1348 | D:2      | Killed Terence
  1348 | D:2      | Reached skill level 5 in Fighting
  1443 | D:2      | Reached XP level 4. HP: 24/39 MP: 4/4
  2158 | D:2      | Upgraded the game from 0.23-a0-767-gdc19b93 to
                  | 0.23-a0-808-gd21de94
  2441 | D:3      | Reached XP level 5. HP: 42/44 MP: 5/5
  3390 | D:4      | Gained mutation: You have a pair of small antennae on your
                  | head. [demonic ancestry]
  3390 | D:4      | Reached XP level 6. HP: 18/52 MP: 6/6
  3421 | D:4      | Reached skill level 6 in Fighting
  3906 | D:4      | Found an iron altar of Okawaru.
  3912 | D:4      | Found a snail-covered altar of Cheibriados.
  3929 | D:4      | Became a worshipper of Warmaster Okawaru
  4124 | D:4      | Gained mutation: When seriously injured, your bleeding
                  | wounds create thick armour. (AC +9) [demonic ancestry]
  4124 | D:4      | Reached XP level 7. HP: 59/59 MP: 7/7
  4245 | D:5      | Entered Level 5 of the Dungeon
  4245 | D:5      | Found a bloodstained altar of Trog.
  4394 | D:5      | Reached skill level 1 in Maces & Flails
  4495 | D:5      | Reached * piety under Okawaru
  4495 | D:5      | Reached skill level 5 in Dodging
  4536 | D:5      | Found a staircase to the Ecumenical Temple.
  4690 | D:5      | Found a deep blue altar of Sif Muna.
  5199 | D:6      | Reached skill level 7 in Fighting
  5229 | D:6      | Reached XP level 8. HP: 41/67 MP: 8/8
  5527 | D:6      | Noticed Blork the orc
  5541 | D:6      | Reached ** piety under Okawaru
  5545 | D:6      | Killed Blork the orc
  5992 | D:7      | Noticed Dowan
  5998 | D:7      | Noticed Duvessa
  6016 | D:7      | Killed Duvessa
  6016 | D:7      | Reached skill level 1 in Stealth
  6017 | D:7      | Killed Dowan
  6251 | D:7      | Noticed Joseph
  6256 | D:7      | Noticed Pikel
  6292 | D:7      | Killed Joseph
  6292 | D:7      | Reached *** piety under Okawaru
  6292 | D:7      | Reached skill level 5 in Maces & Flails
  6292 | D:7      | Gained mutation: You have a pair of antennae on your head.
                  | [demonic ancestry]
  6292 | D:7      | Reached XP level 9. HP: 13/74 MP: 9/9
  6315 | D:6      | Reached skill level 8 in Fighting
  6500 | D:7      | Killed Pikel
  7140 | D:7      | Found a runed door.
  7144 | D:7      | Noticed Crazy Yiuf
  7161 | D:7      | Killed Crazy Yiuf
  7494 | D:8      | Reached **** piety under Okawaru
  7519 | D:8      | Noticed Gastronok
  7888 | D:8      | Noticed a two-headed ogre
  7899 | D:8      | Killed a two-headed ogre
  7899 | D:8      | Received a gift from Okawaru
  7944 | D:8      | Killed from afar by Gastronok

Vault maps used:
D:1:      shiori_arrival_oz
D:2:      uniq_terence
D:4:      minitemple, first_ration
D:5:      lemuel_crystal_altar, minmay_temple_entry_overgrown, basic_altar
D:6:      kennysheep_slugbush, uniq_blork_the_orc
D:7:      uniq_pikel, uniq_duvessa, uniq_joseph, uniq_crazy_yiuf_cottage
D:8:      serial_undead, serial_undead_d, serial_undead_d, serial_undead_a,
          serial_undead_c, uniq_gastronok

Skill      XL: |  1  2  3  4  5  6  7  8  9 |
---------------+----------------------------+-----
Dodging        | 1 2 3 4 5 6 7 |  7.0
Fighting       | 5 6 7 8 |  8.7
Maces & Flails | 2 5 7 |  7.2
Throwing       | 2 |  2.8
Stealth        | 1 2 |  2.4
Shields        | 2 |  2.2
Armour         | |  1.0
Hexes          | |  3.0
Evocations     | |  0.3

Action                   |  1- 3 |  4- 6 |  7- 9 || total
-------------------------+-------+-------+-------++-------
Melee: Spear             |   175 |    10 |       ||   185
       Great sword       |       |   143 |       ||   143
       Mace              |       |    20 |   370 ||   390
 Fire: Blowgun           |     1 |       |     5 ||     6
Throw: Stone             |    10 |    38 |    28 ||    76
       Javelin           |       |       |    16 ||    16
       Tomahawk          |       |       |     4 ||     4
Evoke: Wand              |       |       |     4 ||     4
  Use: Scroll            |       |       |     7 ||     7
       Potion            |       |       |     1 ||     1
 Stab: Sleeping          |     2 |     2 |     3 ||     7
       Distracted        |       |     1 |     1 ||     2
  Eat: Chunk             |     2 |     9 |    14 ||    25
       Ration            |       |       |     1 ||     1
Armor: Robe              |    34 |    34 |    76 ||   144
Dodge: Dodged            |   108 |   160 |   354 ||   622
Block: Other             |       |       |    38 ||    38
       Buckler           |       |       |    11 ||    11
       Rpst.: Great sword |       |    45 |       ||    45

Table legend:
 A = Non-vault XP
 B = Vault XP
 C = Vault XP percentage of total XP
 D = Non-vault monster count
 E = Vault monster count
 F = Vault count percentage of total count
                 A         B        C        D         E       F
            +---------+---------+-------+---------+---------+-------
      Total |    3875 |    1614 |  29.4 |     176 |      20 |  10.2
            +---------+---------+-------+---------+---------+-------
        D:1 |      60 |       1 |   1.6 |      28 |       1 |   3.4
        D:2 |     100 |      27 |  21.3 |      23 |       1 |   4.2
        D:3 |     110 |       0 |   0.0 |      22 |       0 |   0.0
        D:4 |     448 |       0 |   0.0 |      28 |       0 |   0.0
        D:5 |     489 |       0 |   0.0 |      25 |       0 |   0.0
        D:6 |     689 |     124 |  15.3 |      24 |       9 |  27.3
        D:7 |     741 |    1326 |  64.2 |      18 |       5 |  21.7
        D:8 |    1238 |     136 |   9.9 |       8 |       4 |  33.3
            +---------+---------+-------+---------+---------+-------
